Workbook
Name Acero: #REF!
Name Acero: #REF!
Name Acero: #REF!
Name Agregados: #REF!
Name Agregados: #REF!
Name Agregados: #REF!
Name Apar.Sanitarios: #REF!
Name Apar.Sanitarios: #REF!
Name Apar.Sanitarios: #REF!
Name Carp.Aluminio: #REF!
Name Carp.Aluminio: #REF!
Name Carp.Aluminio: #REF!
Name Carp.Metalica: #REF!
Name Carp.Metalica: #REF!
Name Carp.Metalica: #REF!
Name CDD: 'PRESUPUESTO + APU + MERCADO'!#REF!
Name Cerrajeria: #REF!
Name Cerrajeria: #REF!
Name Cerrajeria: #REF!
Name Ciudades: #REF!
Name Ciudades: #REF!
Name Ciudades: #REF!
Name Combustible: #REF!
Name Combustible: #REF!
Name Combustible: #REF!
Name Concretos: #REF!
Name Concretos: #REF!
Name Concretos: #REF!
Name Cuadrillas: #REF!
Name Cuadrillas: #REF!
Name Cuadrillas: #REF!
Name Cubierta: #REF!
Name Cubierta: #REF!
Name Cubierta: #REF!
Name Drywall: #REF!
Name Drywall: #REF!
Name Drywall: #REF!
Name Equipos: #REF!
Name Equipos: #REF!
Name Equipos: #REF!
Name EquiposEspeciales: #REF!
Name EquiposEspeciales: #REF!
Name EquiposEspeciales: #REF!
Name Ferreteria: #REF!
Name Ferreteria: #REF!
Name Ferreteria: #REF!
Name Formaletas: #REF!
Name Formaletas: #REF!
Name Formaletas: #REF!
Name Geosinteticos: #REF!
Name Geosinteticos: #REF!
Name Geosinteticos: #REF!
Name Impermeabilizantes: #REF!
Name Impermeabilizantes: #REF!
Name Impermeabilizantes: #REF!
Name Inst.Electricas: #REF!
Name Inst.Electricas: #REF!
Name Inst.Electricas: #REF!
Name Inst.Hidrosanitarias: #REF!
Name Inst.Hidrosanitarias: #REF!

Sheet PRESUPUESTO LAB. + VIVERO C (2)
D2: Revisión de tablero de distribución eléctrica existente para puesta en marcha con reposición parcial de materiales eléctricos para el correcto funcionamiento | E2: UN | I2: 484291.2
D3: ALAMBRE AISLADO COBRE #12 THW | E3: ML | F3: 20 | G3: 1849 | H3: 36980.32
D4: ALAMBRE AISLADO COBRE #14 THW | E4: ML | F4: 20 | G4: 1349 | H4: 26980.32
D5: TABLERO 4 A 6 CIRCUITOS | E5: UN | F5: 1 | G5: 32755.94 | H5: 32756.26
D6: ACCESORIOS AD Cable encauchetado electrico 2 x 16 AWG x 25m | E6: UN | F6: 1 | G6: 150000 | H6: 150000.32
D7: AUTOMATICO DE 15 - 60 A | E7: UN | F7: 6 | G7: 10591 | H7: 63546.32
D8: TORNILLO D= 1/8" | E8: UN | F8: 6 | G8: 377.00431 | H8: 2262.3459
D9: CUADRILLA EE - INSTALACIONES ELECTRICAS | E9: H/C | F9: 3 | G9: 57255 | H9: 171765.32
C11: alt 2 | D11: Acometida electrica con proteccion en tablero de distribucion 220v con disposicion en tablero interno como control y mando de equipos tecnologicos a 110v con sus respectivas conecciones (fases + tierra) y verificacion de amperajes y cargas de tableros. | E11: UN | F11: 1 | I11: =SUM(H12:H20) -> 883760.03
D12: CABLE ENCAUCHETADO 3X10 LONG | E12: mt | F12: 25 | G12: 16000 | H12: =+G12*F12 -> 400000 | I12: =+H12/$I$11 -> 0.45261155
D13: ALAMBRE AISLADO COBRE #10 THW (2 FASES) | E13: ML | F13: =15*2 -> 30 | G13: 4100 | H13: =+G13*F13 -> 123000 | I13: =+H13/$I$11 -> 0.13917805
D14: AUTOMATICO DE 40A TABLERO DE CONTROL - CIRCUITO EQUIPOS MX 1,5HP | E14: UN | F14: 1 | G14: 20000 | H14: =+G14*F14 -> 20000 | I14: =+H14/$I$11 -> 0.022630578
D15: AUTOMATICO DE 5A TABLERO DE CONTROL - CIRCUITO EQUIPOS MX 0,5HP | E15: UN | F15: 1 | G15: 35000 | H15: =+G15*F15 -> 35000 | I15: =+H15/$I$11 -> 0.039603511
D16: CAJA PLASTICA DE INTERCVONEXION DE 10X10 PARA EMPALME DE ACOMETIDA Y CONTRAL DE 220V | E16: UN | F16: 1 | G16: 30000 | H16: =+G16*F16 -> 30000 | I16: =+H16/$I$11 -> 0.033945866
D17: TUBO CONDUIT 1/2´´ PARA ACOMETIDA AEREA + DOS CURVAS INCLUYE PEGANTES Y CONECCION | E17: UN | F17: 5 | G17: 7700 | H17: =+G17*F17 -> 38500 | I17: =+H17/$I$11 -> 0.043563862
D18: ABRAZADERAS PALSTICAS Y CONECTORES DE EMPALME PLASTICOS | E18: UN | F18: 1 | G18: 25000 | H18: =+G18*F18 -> 25000 | I18: =+H18/$I$11 -> 0.028288222
D19: CUADRILLA EE - INSTALACIONES ELECTRICAS | E19: H/C | F19: 3.05 | G19: =(57255*10.5%)+57255 -> 63266.775 | H19: =+G19*F19 -> 192963.66 | I19: =+H19/$I$11 -> 0.21834396
D20: HERRAMIENTA MENOR ELECTRICA | E20: % H/C | F20: 0.1 | G20: =+H19 -> 192963.66 | H20: =+G20*F20 -> 19296.366 | I20: =+H20/$I$11 -> 0.021834396
C23: alt 1 | D23: Acometida electrica con proteccion en tablero de distribucion 220v con disposicion en tablero interno en laboratorio de sulos + tablero de micropropagacion como control y mando de equipos tecnologicos a 110v con sus respectivas conecciones (fases + tierra) y verificacion de amperajes y cargas de tableros. | E23: UN | F23: 1 | I23: =SUM(H24:H35) -> 1652467.3
D24: CABLE ENCAUCHETADO 3X8 LONG | E24: mt | F24: 30 | G24: 26000 | H24: =+G24*F24 -> 780000 | I24: =+H24/$I$23 -> 0.47202145
D25: ALAMBRE AISLADO COBRE #10 THW (2 FASES) | E25: ML | F25: =15*3 -> 45 | G25: 4100 | H25: =+G25*F25 -> 184500 | I25: =+H25/$I$23 -> 0.11165123
D26: CAJA DE TABLERO DE CIRCUITOS BIFASICOS DE 6 CIRCUITOS DE 220V CON TIERRA | E26: UND | F26: 1 | G26: 60000 | H26: =+G26*F26 -> 60000 | I26: =+H26/$I$23 -> 0.036309343 | K26: =175/50 -> 3.5
D27: PROTECCION DE 2X50 AMPERIOR PARA TABLERO DE DISTRIBUCION PRINICPAL DE 220V | E27: UND | F27: 1 | G27: 71500 | H27: =+G27*F27 -> 71500 | I27: =+H27/$I$23 -> 0.043268633
D28: AUTOMATICO DE 20A TABLERO DE CONTROL - CIRCUITO EQUIPOS BOMBAS | E28: UN | F28: 2 | G28: 20000 | H28: =+G28*F28 -> 40000 | I28: =+H28/$I$23 -> 0.024206228
D29: AUTOMATICO DE 40A TABLERO DE CONTROL - CIRCUITO EQUIPOS MX 1,5HP | E29: UN | F29: 2 | G29: 20000 | H29: =+G29*F29 -> 40000 | I29: =+H29/$I$23 -> 0.024206228
D30: AUTOMATICO DE 5A TABLERO DE CONTROL - CIRCUITO EQUIPOS MX 0,5HP | E30: UN | F30: 1 | G30: 35000 | H30: =+G30*F30 -> 35000 | I30: =+H30/$I$23 -> 0.02118045
D31: CAJA PLASTICA DE INTERCVONEXION DE 10X10 PARA EMPALME DE ACOMETIDA Y CONTRAL DE 220V | E31: UN | F31: 1 | G31: 30000 | H31: =+G31*F31 -> 30000 | I31: =+H31/$I$23 -> 0.018154671
D32: TUBO CONDUIT 1/2´´ PARA ACOMETIDA AEREA + DOS CURVAS INCLUYE PEGANTES Y CONECCION | E32: UN | F32: 5 | G32: 7700 | H32: =+G32*F32 -> 38500 | I32: =+H32/$I$23 -> 0.023298495
D33: ABRAZADERAS PALSTICAS Y CONECTORES DE EMPALME PLASTICOS | E33: UN | F33: 1 | G33: 25000 | H33: =+G33*F33 -> 25000 | I33: =+H33/$I$23 -> 0.015128893
D34: CUADRILLA EE - INSTALACIONES ELECTRICAS | E34: H/C | F34: 5 | G34: =(57255*10.5%)+57255 -> 63266.775 | H34: =+G34*F34 -> 316333.88 | I34: =+H34/$I$23 -> 0.19143125
D35: HERRAMIENTA MENOR ELECTRICA | E35: % H/C | F35: 0.1 | G35: =+H34 -> 316333.88 | H35: =+G35*F35 -> 31633.388 | I35: =+H35/$I$23 -> 0.019143125

Sheet RESUMEN GENERAL
C3: DESCRIPCION DE AREA: | F3: “Contratar el suministro, instalación y puesta en marcha de aires acondicionados, junto con la adecuación e instalación de la red eléctrica bifásica requerida para los mismos, en ambientes de Bienestar (Auditorio y Gimnasio) del Bloque B de la Sede Central de la IES CINOC en Pensilvania, Caldas.”
C4: COSTO DIRECTO SUBPROYECTO 1 | F4: 0
C5: COSTO DIRECTO PROYECTO ACOMETIDA AIRES ACONDICIONADOS | F5: =+'PRESUPUESTO + APU + MERCADO'!H51 -> 10144846
C6: SUMATORIA COSTO DIRECTO SUBPROYECTOS | F6: =+F5+F4 -> 10144846
C7: =+'Analisis aiu%'!K52 -> 0.14404026 | D7: ADMINISTRACION | F7: =+C7*$F$6 -> 1461266.3
C8: =+'CHEQUEO APU'!J29 -> 0.05 | D8: UTILIDAD | F8: =+C8*$F$6 -> 507242.31
C9: 0 | D9: IMPREVISTOS | F9: =+C9*$F$4 -> 0
C10: =+F10/F6 -> 0.075524819 | D10: IVA EQUIPOS | F10: =+'PRESUPUESTO + APU + MERCADO'!B72+'PRESUPUESTO + APU + MERCADO'!B73 -> 766187.67
C11: 0.19 | D11: IVA SOBRE UTILIDAD | F11: =+F8*C11 -> 96376.038
C12: =+C7+C8+(C11*C8)+C10+C9 -> 0.27906508 | D12: TOTAL AIU% | F12: =+F11+F10+F7+F8 -> 2831072.3
C13: COSTO TOTAL OBRA DIRECTO + INDIRECTA (INCLUYE AIU%+IVA%/U%) | F13: =+F12+F6 -> 12975918

Sheet Analisis aiu%
B2: ANALISIS DEL AIU
B4: Valor estimado de la Obra (Costo Directo). | E4: Valor | F4: =+'RESUMEN GENERAL'!F6:G6 -> 10144846 | G4: 132071259
B5: Plazo estimado de ejecución. | E5: Meses | F5: 0.5 | G5: =+'[1]DESGLOSE AIU% OBSERVACION'!T60 -> 1191943.1
B6: Contratista Persona Natural (SI o NO) | F6: SI/NO
B8: CAPITULO | C8: TIPO DE GASTO | D8: UN | E8: CANTIDAD. | F8: DEDICACION | G8: VLOR UNITARIO (mes) | H8: FACTOR PRESTACIONAL O FACTOR AIU (PARA INDIRECTOS) | I8: VALOR TOTAL | J8: SUMA | K8: PORCENTAJE
B9: 1 | C9: GASTOS GENERALES. | K9: =+K10 -> 0.064154539
B10: 1.1 | C10: MANO DE OBRA Y GASTOS DE OFICINA | J10: =SUM(I11:I26) -> 650837.93 | K10: =+J10/$F$4 -> 0.064154539
C11: Contratista (solo aplica para personas naturales) | D11: Un | E11: =+IF(F6="SI",1,0) -> 0 | F11: 0 | G11: 0 | H11: 0 | I11: =+E11*F11*$F$5*G11*(1+H11) -> 0 | K11: =+I11/$F$4 -> 0
C12: Ingeniero civil, electrico o electronico experiencia superior a 5 años desde la fecha expedicion. | D12: Un | E12: 1 | F12: 0.2 | G12: 3421506 | H12: 0 | I12: =+E12*F12*$F$5*G12*(1+H12) -> 342150.6 | K12: =+I12/$F$4 -> 0.033726544
D13: Un | E13: 0 | F13: 0.5 | G13: 3274168 | H13: 0 | I13: =+E13*F13*$F$5*G13*(1+H13) -> 0 | K13: =+I13/$F$4 -> 0
D14: Un | E14: 0 | F14: 1 | G14: 2439364 | H14: 0 | I14: =+E14*F14*$F$5*G14*(1+H14) -> 0 | K14: =+I14/$F$4 -> 0
D15: Un | E15: 0 | F15: 0.3 | G15: 2439364 | H15: 0 | I15: =+E15*F15*$F$5*G15*(1+H15) -> 0 | K15: =+I15/$F$4 -> 0
C16: Trabajador social | D16: Un | E16: 1 | F16: 0 | G16: 0 | H16: 0 | I16: =+E16*F16*$F$5*G16*(1+H16) -> 0 | K16: =+I16/$F$4 -> 0
C17: Almacenista | D17: Un | E17: 1 | F17: 0 | G17: 0 | H17: 0 | I17: =+E17*F17*$F$5*G17*(1+H17) -> 0 | K17: =+I17/$F$4 -> 0
C18: Celador con prestaciones | D18: Un | E18: 1 | F18: 0 | G18: 0 | H18: 0 | I18: =+E18*F18*$F$5*G18*(1+H18) -> 0 | K18: =+I18/$F$4 -> 0
C19: Secretaria con prestaciones | D19: Un | E19: 1 | F19: 0 | G19: 0 | H19: 0 | I19: =+E19*F19*$F$5*G19*(1+H19) -> 0 | K19: =+I19/$F$4 -> 0
C20: Contador | D20: Un | E20: 1 | F20: 0 | G20: 0 | H20: 0 | I20: =+E20*F20*$F$5*G20*(1+H20) -> 0 | K20: =+I20/$F$4 -> 0
C21: Equipo de Oficina (Escritorio, pc, impresora, sillas, papeleria) | D21: Mes | E21: 1 | F21: 0 | G21: 0 | I21: =+E21*F21*$F$5*G21*(1+H21) -> 0 | K21: =+I21/$F$4 -> 0
C22: Seguridad industrial personal | D22: Mes | E22: 1 | F22: 0 | G22: 0 | I22: =+E22*F22*$F$5*G22*(1+H22) -> 0 | K22: =+I22/$F$4 -> 0
C23: Plan de Salud ocupacional y seguridad industrial | D23: Mes | E23: 1 | F23: 0 | G23: 0 | I23: =+E23*F23*$F$5*G23*(1+H23) -> 0 | K23: =+I23/$F$4 -> 0
C24: Sistema de gestion ambiental | D24: Mes | E24: 1 | F24: 0 | G24: 0 | I24: =+E24*F24*$F$5*G24*(1+H24) -> 0 | K24: =+I24/$F$4 -> 0
C25: Sistema de gestion de calidad | D25: Mes | E25: 1 | F25: 0 | G25: 0 | I25: =+E25*F25*$F$5*G25*(1+H25) -> 0 | K25: =+I25/$F$4 -> 0
C26: Costos estimados de salud, riesgo y pension en funcion de valor total de cada mano de obra profesional | D26: Mes | E26: 1 | F26: 0.36 | G26: 1714929.6 | I26: =+E26*F26*$F$5*G26*(1+H26) -> 308687.33 | K26: =+I26/$F$4 -> 0.030427995
B27: 2 | C27: GASTOS INDIRECTOS. | K27: =+K28+K32+K41 -> 0.0700285
B28: 2.1 | C28: LEGALIZACION. | J28: =SUM(I29:I31) -> 0 | K28: =+J28/$F$4 -> 0
C29: Impuesto de Timbre | D29: % | E29: 0 | G29: 0 | H29: 1 | I29: =+G29*E29*H29 -> 0 | K29: =+I29/$F$4 -> 0
C30: Publicación diario oficial | D30: % | E30: 0 | G30: 0 | H30: =+$H$29 -> 1 | I30: =+G30*E30*H30 -> 0 | K30: =+I30/$F$4 -> 0
C31: Licencia de Construccion | D31: % | E31: 0 | G31: 0 | H31: =+$H$29 -> 1 | I31: =+G31*E31*H31 -> 0 | K31: =+I31/$F$4 -> 0
B32: 2.2 | C32: POLIZAS | J32: =SUM(I33:I40) -> 101448.46 | K32: =+J32/$F$4 -> 0.01
C33: Seriedad de la Propuesta. | D33: % | E33: 0 | G33: =+$F$4 -> 10144846 | H33: =+$H$29 -> 1 | I33: =+G33*E33*H33 -> 0 | K33: =+I33/$F$4 -> 0
C34: Anticipo | D34: % | E34: 0 | G34: 0 | H34: =+$H$29 -> 1 | I34: =+G34*E34*H34 -> 0 | K34: =+I34/$F$4 -> 0
C35: Cumplimiento | D35: % | E35: 0.002 | G35: =+$F$4 -> 10144846 | H35: =+$H$29 -> 1 | I35: =+G35*E35*H35 -> 20289.692 | K35: =+I35/$F$4 -> 0.002
C36: Estabilidad | D36: % | E36: 0.002 | G36: =+$F$4 -> 10144846 | H36: =+$H$29 -> 1 | I36: =+G36*E36*H36 -> 20289.692 | K36: =+I36/$F$4 -> 0.002
C37: Calidad | D37: % | E37: 0.002 | G37: =+$F$4 -> 10144846 | H37: =+$H$29 -> 1 | I37: =+G37*E37*H37 -> 20289.692 | K37: =+I37/$F$4 -> 0.002
C38: Prestaciones Sociales | D38: % | E38: 0.002 | G38: =+$F$4 -> 10144846 | H38: =+$H$29 -> 1 | I38: =+G38*E38*H38 -> 20289.692 | K38: =+I38/$F$4 -> 0.002
C39: Responsabilidad Civil | D39: % | E39: 0.002 | G39: =+$F$4 -> 10144846 | H39: =+$H$29 -> 1 | I39: =+G39*E39*H39 -> 20289.692 | K39: =+I39/$F$4 -> 0.002
C40: Todo riesgo | D40: % | E40: 0 | G40: 0 | H40: =+$H$29 -> 1 | I40: =+G40*E40*H40 -> 0 | K40: =+I40/$F$4 -> 0
B41: 2.3 | C41: IMPUESTOS Y CONTRIBUCIONES | J41: =SUM(I42:I49) -> 608979.9 | K41: =+J41/$F$4 -> 0.0600285
G42: =+G39 -> 10144846 | H42: 1 | I42: =+G42*E42*H42 -> 0 | K42: =+I42/$F$4 -> 0
C43: Retencion en la fuente | D43: % | E43: 0.05 | G43: =+G39 -> 10144846 | H43: 1 | I43: =+G43*E43*H43 -> 507242.31 | K43: =+I43/$F$4 -> 0.05
C44: Estampilla Pro - Adulto mayor | D44: % | E44: 0 | G44: 0 | H44: 1 | I44: =+G44*E44*H44 -> 0 | K44: =+I44/$F$4 -> 0
C45: Estampillas Pro - Universidad. | D45: % | E45: 0 | G45: 0 | H45: 1 | I45: =+G45*E45*H45 -> 0 | K45: =+I45/$F$4 -> 0
C46: RETEIVA 15% / IVA% | D46: % | E46: 0.00015 | G46: =+F4*J55 -> 1927520.8 | H46: 1 | I46: =+G46*E46*H46 -> 289.12812 | K46: =+I46/$F$4 -> 2.85e-05
C47: RETEICA 1% | D47: % | E47: 0.01 | G47: =+F4 -> 10144846 | H47: 1 | I47: =+G47*E47*H47 -> 101448.46 | K47: =+I47/$F$4 -> 0.01
C48: Industria y Comercio 5 x 1.000 sobre valor total | D48: % | E48: 0 | G48: 0 | H48: 1 | I48: =+G48*E48*H48 -> 0 | K48: =+I48/$F$4 -> 0
H49: 1
B50: 2.3 | C50: INDIRECTOS | J50: =SUM(I52:I59) -> 0 | K50: =+K51 -> 0.0098572219
C51: costos indirectos adicionales no contemplados como papeleria entre otros | D51: % | E51: 1 | G51: 100000 | H51: 1 | I51: =+G51 -> 100000 | J51: =+I51 -> 100000 | K51: =+I51/$F$4 -> 0.0098572219
C52: TOTAL GASTOS INDIRECTOS DE ADMINISTRACION. | J52: =SUM(J10:J51) -> 1461266.3 | K52: =+K50+K27+K9 -> 0.14404026
C53: IMPREVISTO | K53: 0
C54: UTILIDAD: | K54: 0.05
C55: IVA SOBRE UTILIDAD: | J55: 0.19 | K55: =K54*J55 -> 0.0095
C56: A.I.U. | K56: =SUM(K52:K55) -> 0.20354026
C60: ALCALDIA DE MANIZALES. | E60: Base - Tope | F60: Porcentaje | G60: Vlor x Millón o fracción.
C61: Estampilla Pro-Hospital. | F61: 0.02
C62: Estampilla Pro-Universidad. | F62: 0.01
C63: Timbre | E63: 53000000 | F63: 0.0075
C64: Retención en la Fuente. | F64: 0.01
C65: Publicación Diario Oficial. | G65: 5530
C66: Contribución Especial (Impovias). | F66: 0.05
C67: Industria y comercio (4 X 1.000 Ing. Brutos). | F67: 0.004

Sheet CHEQUEO APU
D4: JUSTIFICACION AIU (ADMINITRACION, UTILIDAD E IMPREVISTOS)
D5: 1. COSTOS DE PROFESIONAL AREA TECNICA
D6: ÍTEM | E6: EXPERIENCIA REQUERIDA | G6: CANTIDAD | H6: DEDICACION (%) | I6: UNIDAD DE MEDIDA | J6: CANTIDAD | K6: VALOR UNITARIO | L6: % | M6: VALOR TOTAL | N6: DISCRIMINACION SALARIO | P6: SALUD | Q6: REISGO | R6: PENSION | S6: TOTAL
D7: Mano de Obra Calificada | N7: BASE | O7: BASE REAL | P7: 0.125 | Q7: 0.0435 | R7: 0.16 | S7: =+R7+Q7+P7 -> 0.3285
D8: Ingeneiro civil | E8: Profesional universitariocon experiencia mayor a 6 meses | G8: 1 | H8: 0 | I8: Mes | J8: 1.5 | L8: 1 | M8: =+(K8*J8*H8*G8)*L8 -> 0 | N8: =+M8*40% -> 0 | O8: 1300000 | P8: =+P7*$O$8 -> 162500 | Q8: =+Q7*$O$8 -> 56550 | R8: =+R7*$O$8 -> 208000 | S8: =+P8+Q8+R8 -> 427050
D9: tecnologo En electricidad | E9: Tecnólogo o tecnico con experiencia de 5 años de educación superior aprobados a pártir de la expediciion de la resolucion de aprobacion de tecnologia | G9: 1 | H9: 0.5 | I9: Mes | J9: =15/30 -> 0.5 | K9: 2318787 | M9: =+(K9*J9*H9*G9)*L8 -> 579696.75 | N9: =+M9*40% -> 231878.7 | O9: =+O8 -> 1300000 | P9: =+P7*$O$9 -> 162500 | Q9: =+Q7*$O$9 -> 56550 | R9: =+R7*$O$9 -> 208000 | S9: =+P9+Q9+R9 -> 427050
D10: Tecnico en sistemas | E10: Tecnólogo o tecnico con experiencia de 5 años de educación superior aprobados a pártir de la expediciion de la resolucion de aprobacion de tecnologia | G10: 0 | H10: =+H9 -> 0.5 | I10: =+I9 -> Mes | J10: =+J9 -> 0.5 | K10: 1873674 | M10: =+(K10*J10*H10*G10)*L8 -> 0
D11: Pagos responsabilidad salud, riesgo y pension | E11: pago de salud, riesgo y pension en funcion de 40% base de cotizacion del valor total de personal | G11: 1 | H11: VARIABLE | I11: GLB | J11: 1 | K11: 427050 | L11: 0.2227 | M11: =+S9 -> 427050 | N11: SUMATORIA TOTAL DE PAGO SLUD | S11: =+S9+S8 -> 854100
L12: =+M8+M9+M11+M10 -> 1006746.8 | N12: FACTOR VARIABLE DE PAGO SALUD | S12: =+S11/(M8+M9) -> 1.4733565
D14: 2. COSTOS PAPELIA Y OTROS (estimados para el desarrollo de la actividad)
D15: DESCRIPCIÓN COSTOS INDIRECTOS | I15: UNIDAD | J15: CANTIDAD | K15: MESES | L15: COSTO PARCIAL | M15: VALOR TOTAL
D16: Trasnporte y desplazamientos, Papelería, Copias, plotear de planos , preparación y entraga de los inforemes tecnicos, cuentas de cobro, preparacion de bitacoras entre otros profesionales tanto fisicos como digitales | I16: Global | J16: 1 | K16: 1 | L16: 100000 | M16: =+L16 -> 100000
D17: SUBTOTAL COSTOS INDIRECTOS | L17: =+M16 -> 100000
D19: 3. DOCUMENTOS DE LEGALIZACION DEL CONTRATO DE OBRA Y RETENCIONES COMO COSTOS ADMINITRATIVOS
D20: DESCRIPCIÓN COSTOS INDIRECTOS | I20: UNIDAD | J20: CANTIDAD | K20: COSTO DIRECTO DE OBRA | M20: VALOR TOTAL
D21: Polizas de buen manejo del anticipo (50%) , Cumplimiento (10%) y prestaciones(5%) | I21: % | J21: 0.01 | K21: =+N21 -> 10144846 | M21: =+K21*J21 -> 101448.46 | N21: =+'PRESUPUESTO + APU + MERCADO'!H51 -> 10144846
D22: Impuesto departamental a la contruccion de obra civil | I22: % | J22: 0.05 | M22: =+K21*J22 -> 507242.31
D23: Retencion del ICA | I23: % | J23: 0.0001 | M23: =+K21*J23 -> 1014.4846
D24: SUBTOTAL COSTOS DE LEGALIZACION E IMPUESTOS | L24: =+M23+M22+M21 -> 609705.25
D26: 4. COSTOS INDIRECTOS GENERALES DEL AIU%
D27: DESCRIPCIÓN COSTOS INDIRECTOS | I27: UNIDAD | J27: CANTIDAD | K27: MESES | L27: COSTO PARCIAL | M27: VALOR TOTAL
D28: IMPREVISTOS | I28: % | J28: 0 | K28: 1 | L28: =+K21 -> 10144846 | M28: =+L28*J28 -> 0
D29: UTILIDAD | I29: % | J29: 0.05 | K29: 1 | M29: =+L28*J29 -> 507242.31
D30: SUBTOTAL COSTOS DE INDIRECTOR DEL AIU% | L30: =+M29+M28 -> 507242.31
D32: VALOR DIRECTO DE OBRA | L32: =+K21 -> 10144846
D33: IVA SOBRE UTIIDAD | K33: 0.19 | L33: =+M29*K33 -> 96376.038
D34: VALOR Y PORCENTAJE DE ADMINISTRACION DEL AIU% | K34: =+L34/L32 -> 0.16919448 | L34: =+L24+L17+L12 -> 1716452
D35: COSTO TOTAL INDIRECTO AIU% | K35: =+K34+J29+(K33*J29) -> 0.22869448 | L35: =+L32*K35 -> 2320070.4
D36: COSTO TOTAL INDIRECTO AIU% | L36: =+L35+L32 -> 12464917
D37: RETENCION 2% | L37: 0
D38: COSTO TOTAL OBRA DIRECTO + INDIRECTA (INCLUYE AIU%) | L38: =+L37+L36 -> 12464917
D40: NOTA NO.1: Los honorarios establecidos en la tabla de costo de personal es obtenido en fundamento a la RESOLUCIÓN No. 001 IES CINOC: (De enero 2024): Por medio del cual se modifica la tabla de honorarios para los contratistas por prestación de servicios profesionales y de apoyo a la gestión de la IES CINOC para la vigencia 2022. segun el ARTÍCULO PRIMERO: Adoptar para la vigencia 2022, la tabla que fija los honorarios, los cuales no incluyen IVA, para los contratos por prestación de servicios profesionales y de apoyo a la gestión suscritos entre personas naturales y el Colegio Integrado Nacional Oriente de Caldas – IES CINOC, teniendo en cuenta el nivel de formación y experiencia.
D44: NOTA NO.2: Los conceptos, bases y tarifas de retención en la fuente segun lo establecido por la DIAN para año agravante es 2024 según lo establecido y el presupuesto asignado a esta contratación comprende todos los costos que se puedan generar. Comprende todos los gastos, impuestos, ganancias, imprevistos, deducciones, y retenciones que legalmente haya lugar (EMPRESA CON RUP-RUT, PESONA JURUIDCA, PERSONA NATURAL Y /O CONSORCIOS); valores generados con la presentación de La oferta, suscripción del contrato y su posterior ejecución. Por lo tanto, el proponente deberá proyectar todos los costos directos e indirectos en que pudiera incurrir durante la ejecución del contrato como se presenta el la tabla y correspondan a su situacion financiera y contable de orden juridco que haya lugar.

Sheet Analisis Mano de Obra
B1: ANALISIS DE MANO DE OBRA
B3: Datos Basicos año 2026 | C3: Días del año | D3: 365 | F3: IPC 2026
C4: Subsidio Transporte 2025 | D4: 249095 | F4: 0.051
C5: Salario mínimo 2025 | D5: 1750905
B7: Mano de Obra AA - Albañileria
B8: Trabajador | C8: Valor Base Mes | D8: Valor Base Dia | E8: Valor Base Hora | F8: Factor Prestacional | G8: Valor Total Hora
B9: Oficial | C9: =+(D5+D4)*F9 -> 3395800 | D9: =+C9/30 -> 113193.33 | E9: =+D9/8 -> 14149.167 | F9: 1.6979 | G9: =+F9*E9 -> 24023.87
B10: Ayudante | C10: =+(D4+D5)*1.1 -> 2200000 | D10: =+C10/30 -> 73333.333 | E10: =+D10/8 -> 9166.6667 | G10: =+F9*E10 -> 15564.083
B11: Cuadrilla 1 Oficial + 1 Ayudante | C11: =SUM(C9:C10) -> 5595800 | D11: =SUM(D9:D10) -> 186526.67 | E11: =SUM(E9:E10) -> 23315.833 | G11: =ROUND(SUM(G9:G10),0) -> 39588
B13: Mano de Obra BB - Instalaciones
B14: Trabajador | C14: Valor Base Mes | D14: Valor Base Dia | E14: Valor Base Hora | F14: Factor Prestacional | G14: Valor Total Hora
B15: Oficial | C15: =+C9 -> 3395800 | D15: =+C15/30 -> 113193.33 | E15: =+D15/8 -> 14149.167 | F15: =+F9 -> 1.6979 | G15: =+F15*E15 -> 24023.87
B16: Ayudante | C16: =+C15 -> 3395800 | D16: =+C16/30 -> 113193.33 | E16: =+D16/8 -> 14149.167 | F16: =+F15 -> 1.6979 | G16: =+F16*E16 -> 24023.87
B17: Cuadrilla 1 Oficial + 1 Ayudante | C17: =SUM(C15:C16) -> 6791600 | D17: =SUM(D15:D16) -> 226386.67 | E17: =SUM(E15:E16) -> 28298.333 | G17: =ROUND(SUM(G15:G16),0) -> 48048
B19: Mano de Obra CC - Pintura
B20: Trabajador | C20: Valor Base Mes | D20: Valor Base Dia | E20: Valor Base Hora | F20: Factor Prestacional | G20: Valor Total Hora
B21: Oficial | C21: =+C15 -> 3395800 | D21: =+C21/30 -> 113193.33 | E21: =+D21/8 -> 14149.167 | F21: =+F16 -> 1.6979 | G21: =+'[1]A.P.U TERRAZA A'!X15 -> 21856
B22: Ayudante | C22: =+C21 -> 3395800 | D22: =+C22/30 -> 113193.33 | E22: =+D22/8 -> 14149.167 | F22: =+IF(C22>2*$D$5,'[1]Analisis Factor Prestacional'!$D$26+1,'[1]Analisis Factor Prestacional'!$C$26+1) -> 1.6979 | G22: =+G16 -> 24023.87
B23: Cuadrilla 1 Oficial + 1 Ayudante | C23: =SUM(C21:C22) -> 6791600 | D23: =SUM(D21:D22) -> 226386.67 | E23: =SUM(E21:E22) -> 28298.333 | G23: =ROUND(SUM(G21:G22),0) -> 45880
B25: Mano de Obra DD - Carpinteria
B26: Trabajador | C26: Valor Base Mes | D26: Valor Base Dia | E26: Valor Base Hora | F26: Factor Prestacional | G26: Valor Total Hora | I26: NO. | J26: TIPO DE CUADRILLA | K26: TIPO APU | L26: UNIDAD CON PRESTACIONES | M26: VALOR CUADRILLA
B27: Oficial | C27: =+C21 -> 3395800 | D27: =+C27/30 -> 113193.33 | E27: =+D27/8 -> 14149.167 | F27: =+IF(C27>2*$D$5,'[1]Analisis Factor Prestacional'!$D$26+1,'[1]Analisis Factor Prestacional'!$C$26+1) -> 1.6979 | G27: =+'[1]A.P.U TERRAZA A'!X15 -> 21856 | I27: 1 | J27: =+B7 -> Mano de Obra AA - Albañileria | K27: Cuadrilla | L27: HR - PRESTACIONES | M27: =+G11 -> 39588
B28: Ayudante | C28: =+C27 -> 3395800 | D28: =+C28/30 -> 113193.33 | E28: =+D28/8 -> 14149.167 | F28: =+IF(C28>2*$D$5,'[1]Analisis Factor Prestacional'!$D$26+1,'[1]Analisis Factor Prestacional'!$C$26+1) -> 1.6979 | G28: =+'[1]A.P.U TERRAZA A'!X14 -> 18552 | I28: 2 | J28: =+B13 -> Mano de Obra BB - Instalaciones | K28: Cuadrilla | M28: =+G17 -> 48048
B29: Cuadrilla 1 Oficial + 1 Ayudante | C29: =SUM(C27:C28) -> 6791600 | D29: =SUM(D27:D28) -> 226386.67 | E29: =SUM(E27:E28) -> 28298.333 | G29: =ROUND(SUM(G27:G28),0) -> 40408 | I29: 3 | J29: =+B19 -> Mano de Obra CC - Pintura | K29: Cuadrilla | M29: =+G23 -> 45880
I30: 4 | J30: =+B25 -> Mano de Obra DD - Carpinteria | K30: Cuadrilla | M30: =+G29 -> 40408
B31: Mano de Obra EE - Muros Secos | I31: 5 | J31: =+B31 -> Mano de Obra EE - Muros Secos | K31: Cuadrilla | M31: =+G35 -> 39588
B32: Trabajador | C32: Valor Base Mes | D32: Valor Base Dia | E32: Valor Base Hora | F32: Factor Prestacional | G32: Valor Total Hora | I32: 6 | J32: =+B37 -> Mano de Obra FF - Instalaciones Electricas Internas | K32: Cuadrilla | M32: =+G41 -> 44793
B33: Oficial | C33: =+C27 -> 3395800 | D33: =+C33/30 -> 113193.33 | E33: =+D33/8 -> 14149.167 | F33: =+IF(C33>2*$D$5,'[1]Analisis Factor Prestacional'!$D$26+1,'[1]Analisis Factor Prestacional'!$C$26+1) -> 1.6979 | G33: =+G9 -> 24023.87 | I33: 7 | J33: =+B43 -> Mano de Obra GG - Instalaciones Alumbrado Publico | K33: Cuadrilla | M33: =+G47 -> 48048
B34: Ayudante | C34: =+C33 -> 3395800 | D34: =+C34/30 -> 113193.33 | E34: =+D34/8 -> 14149.167 | F34: =+IF(C34>2*$D$5,'[1]Analisis Factor Prestacional'!$D$26+1,'[1]Analisis Factor Prestacional'!$C$26+1) -> 1.6979 | G34: =+G10 -> 15564.083 | I34: 8 | J34: Mano de Obra AAA - Intalacion metalica | K34: Cuadrilla | L34: HR - PRESTACIONES | M34: =+G11+G10+G10 -> 70716.167
B35: Cuadrilla 1 Oficial + 1 Ayudante | C35: =SUM(C33:C34) -> 6791600 | D35: =SUM(D33:D34) -> 226386.67 | E35: =SUM(E33:E34) -> 28298.333 | G35: =ROUND(SUM(G33:G34),0) -> 39588
B37: Mano de Obra FF - Instalaciones Electricas Internas
B38: Trabajador | C38: Valor Base Mes | D38: Valor Base Dia | E38: Valor Base Hora | F38: Factor Prestacional | G38: Valor Total Hora | J38: PERSONAL CUADRILLA | K38: H/CP
B39: Oficial | C39: =+C33 -> 3395800 | D39: =+C39/30 -> 113193.33 | E39: =+D39/8 -> 14149.167 | F39: =+IF(C39>2*$D$5,'[1]Analisis Factor Prestacional'!$D$26+1,'[1]Analisis Factor Prestacional'!$C$26+1) -> 1.6979 | G39: =+'[1]A.P.U TERRAZA A'!X16 -> 25499 | J39: AYUDANTE ELECTRICO | K39: 21127
B40: Ayudante | C40: =+C39 -> 3395800 | D40: =+C40/30 -> 113193.33 | E40: =+D40/8 -> 14149.167 | F40: =+IF(C40>2*$D$5,'[1]Analisis Factor Prestacional'!$D$26+1,'[1]Analisis Factor Prestacional'!$C$26+1) -> 1.6979 | G40: =+'[1]A.P.U TERRAZA A'!X12 -> 19294 | J40: OFICIAL ELÉCTRICO | K40: 25921
B41: Cuadrilla 1 Oficial + 1 Ayudante | C41: =SUM(C39:C40) -> 6791600 | D41: =SUM(D39:D40) -> 226386.67 | E41: =SUM(E39:E40) -> 28298.333 | G41: =ROUND(SUM(G39:G40),0) -> 44793 | J41: CUADRILLA EE ELÉCTRICA (HR) $ 49.048 | K41: =+K40+K39 -> 47048
B43: Mano de Obra GG - Instalaciones Alumbrado Publico
B44: Trabajador | C44: Valor Base Mes | D44: Valor Base Dia | E44: Valor Base Hora | F44: Factor Prestacional | G44: Valor Total Hora
B45: Oficial | C45: =+C39 -> 3395800 | D45: =+C45/30 -> 113193.33 | E45: =+D45/8 -> 14149.167 | F45: =+IF(C45>2*$D$5,'[1]Analisis Factor Prestacional'!$D$26+1,'[1]Analisis Factor Prestacional'!$C$26+1) -> 1.6979 | G45: =+F45*E45 -> 24023.87
B46: Ayudante | C46: =+C45 -> 3395800 | D46: =+C46/30 -> 113193.33 | E46: =+D46/8 -> 14149.167 | F46: =+IF(C46>2*$D$5,'[1]Analisis Factor Prestacional'!$D$26+1,'[1]Analisis Factor Prestacional'!$C$26+1) -> 1.6979 | G46: =+F46*E46 -> 24023.87
B47: Cuadrilla 1 Oficial + 1 Ayudante | C47: =SUM(C45:C46) -> 6791600 | D47: =SUM(D45:D46) -> 226386.67 | E47: =SUM(E45:E46) -> 28298.333 | G47: =ROUND(SUM(G45:G46),0) -> 48048
C49: Base Mes copiado de G49 | D49: Base Día | E49: Base Hora | G49: Valor Base Mes | H49: 1.5483 | I49: VALOR TOTAL
B50: SOLDADOR | C50: 3835995.1 | D50: =+C50/30 -> 127866.5 | E50: =+D50/8 -> 15983.313 | F50: 3.3068923 | G50: =+F50*$D$5 -> 5790054.3 | H50: =+E50/$H$49 -> 10323.137 | I50: =H50*$H$49 -> 15983.313
B51: JORNAL VIGILANTE NOCTURNO | C51: 3549643.4 | D51: =+C51/30 -> 118321.45 | E51: =+D51/8 -> 14790.181 | F51: 3.0600374 | G51: =+F51*$D$5 -> 5357834.8 | H51: SE CALCULA EL DIA
B52: PROTECCION SEGUN PROTOCOLO COVID-19
B53: AUXILIAR DE ENFEREMERIA | C53: 2692491.1 | D53: =+C53/30 -> 89749.705 | E53: =+D53/8 -> 11218.713 | F53: 2.3211131 | G53: =+F53*$D$5 -> 4064048.4 | H53: SE CALCULA EL DIA
B54: VIGIA DE SALUD (AUXILIAR DE ENFERMERIA) | C54: 2692491.1 | D54: =+C54/30 -> 89749.705 | E54: =+D54/8 -> 11218.713 | F54: 2.3211131 | G54: =+F54*$D$5 -> 4064048.4 | H54: SE CALCULA EL DIA
B55: AYUDANTE PARA DESINFECCION CONTINUA DE ESPACIOS MEDIO - TIEMPO | C55: 984767.65 | D55: =+C55/30 -> 32825.588 | E55: =+D55/8 -> 4103.1986 | F55: 0.84893763 | G55: =+F55*$D$5 -> 1486409.1 | H55: SE CALCULA EL DIA
B56: AYUDANTE PARA DESINFECCION CONTINUA DE ESPACIOS MEDIO TIEMPO | C56: 984767.65 | D56: =+C56/30 -> 32825.588 | E56: =+D56/8 -> 4103.1986 | F56: 0.84893763 | G56: =+F56*$D$5 -> 1486409.1 | H56: =+D56/19 -> 1727.6625 | I56: =H56*$H$49 -> 2674.9399
A59: CODIGO | B59: PERSONAL O CUADRILLA | D59: TIPO | E59: UNIDAD | F59: VALOR TOTAL | G59: VALOR BASE | H59: FACTOR PRESTACIONAL | I59: ANALISIS CALCULO | J59: FECHA DE ACTUALIZACION
A60: P1 | B60: OFICIAL AA (Albañileria) | E60: hr | F60: =+ROUND(G60*H60,0) -> 24024 | G60: =+ROUND(E9,0) -> 14149 | H60: =+IF(G60*8*30>2*$D$5,'[1]Analisis Factor Prestacional'!$D$26+1,'[1]Analisis Factor Prestacional'!$C$26+1) -> 1.6979 | I60: VER ANALISIS MANO DE OBRA | J60: 45782
A61: P2 | B61: OFICIAL BB (Instalaciones) | E61: hr | F61: =+ROUND(G61*H61,0) -> 24024 | G61: =+ROUND(E15,0) -> 14149 | H61: =+IF(G61*8*30>2*$D$5,'[1]Analisis Factor Prestacional'!$D$26+1,'[1]Analisis Factor Prestacional'!$C$26+1) -> 1.6979 | I61: VER ANALISIS MANO DE OBRA | J61: =+J60 -> 45782
A62: P3 | B62: OFICIAL CC (Pintura) | E62: hr | F62: =+ROUND(G62*H62,0) -> 24024 | G62: =+ROUND(E21,0) -> 14149 | H62: =+IF(G62*8*30>2*$D$5,'[1]Analisis Factor Prestacional'!$D$26+1,'[1]Analisis Factor Prestacional'!$C$26+1) -> 1.6979 | I62: VER ANALISIS MANO DE OBRA | J62: =+J61 -> 45782
A63: P4 | B63: OFICIAL DD (Carpinteria) | E63: hr | F63: =+ROUND(G63*H63,0) -> 24024 | G63: =+ROUND(E27,0) -> 14149 | H63: =+IF(G63*8*30>2*$D$5,'[1]Analisis Factor Prestacional'!$D$26+1,'[1]Analisis Factor Prestacional'!$C$26+1) -> 1.6979 | I63: VER ANALISIS MANO DE OBRA | J63: =+J62 -> 45782
A64: P5 | B64: OFICIAL EE (Dry Wall) | E64: hr | F64: =+ROUND(G64*H64,0) -> 24024 | G64: =+ROUND(E33,0) -> 14149 | H64: =+IF(G64*8*30>2*$D$5,'[1]Analisis Factor Prestacional'!$D$26+1,'[1]Analisis Factor Prestacional'!$C$26+1) -> 1.6979 | I64: VER ANALISIS MANO DE OBRA | J64: =+J63 -> 45782
A65: P6 | B65: OFICIAL FF (Electricas) | E65: hr | F65: =+ROUND(G65*H65,0) -> 24024 | G65: =+ROUND(E39,0) -> 14149 | H65: =+IF(G65*8*30>2*$D$5,'[1]Analisis Factor Prestacional'!$D$26+1,'[1]Analisis Factor Prestacional'!$C$26+1) -> 1.6979 | I65: VER ANALISIS MANO DE OBRA | J65: =+J64 -> 45782
A66: P7 | B66: OFICIAL GG (Alumbrado Publico) | E66: hr | F66: =+ROUND(G66*H66,0) -> 24024 | G66: =+ROUND(E45,0) -> 14149 | H66: =+IF(G66*8*30>2*$D$5,'[1]Analisis Factor Prestacional'!$D$26+1,'[1]Analisis Factor Prestacional'!$C$26+1) -> 1.6979 | I66: VER ANALISIS MANO DE OBRA | J66: =+J65 -> 45782
A67: P8 | B67: AYUDANTE AA (Albañileria) | E67: hr | F67: =+ROUND(G67*H67,0) -> 15565 | G67: =+ROUND(E10,0) -> 9167 | H67: =+IF(G67*8*30>2*$D$5,'[1]Analisis Factor Prestacional'!$D$26+1,'[1]Analisis Factor Prestacional'!$C$26+1) -> 1.6979 | I67: VER ANALISIS MANO DE OBRA | J67: =+J66 -> 45782
A68: P9 | B68: AYUDANTE BB (Instalaciones) | E68: hr | F68: =+ROUND(G68*H68,0) -> 24024 | G68: =+ROUND(E16,0) -> 14149 | H68: =+IF(G68*8*30>2*$D$5,'[1]Analisis Factor Prestacional'!$D$26+1,'[1]Analisis Factor Prestacional'!$C$26+1) -> 1.6979 | I68: VER ANALISIS MANO DE OBRA | J68: =+J67 -> 45782
A69: P10 | B69: AYUDANTE CC (Pintura) | E69: hr | F69: =+ROUND(G69*H69,0) -> 24024 | G69: =+ROUND(E22,0) -> 14149 | H69: =+IF(G69*8*30>2*$D$5,'[1]Analisis Factor Prestacional'!$D$26+1,'[1]Analisis Factor Prestacional'!$C$26+1) -> 1.6979 | I69: VER ANALISIS MANO DE OBRA | J69: =+J68 -> 45782
A70: P11 | B70: AYUDANTE DD (Carpinteria) | E70: hr | F70: =+ROUND(G70*H70,0) -> 24024 | G70: =+ROUND(E28,0) -> 14149 | H70: =+IF(G70*8*30>2*$D$5,'[1]Analisis Factor Prestacional'!$D$26+1,'[1]Analisis Factor Prestacional'!$C$26+1) -> 1.6979 | I70: VER ANALISIS MANO DE OBRA | J70: =+J69 -> 45782
A71: P12 | B71: AYUDANTE EE (Dry Wall) | E71: hr | F71: =+ROUND(G71*H71,0) -> 24024 | G71: =+ROUND(E34,0) -> 14149 | H71: =+IF(G71*8*30>2*$D$5,'[1]Analisis Factor Prestacional'!$D$26+1,'[1]Analisis Factor Prestacional'!$C$26+1) -> 1.6979 | I71: VER ANALISIS MANO DE OBRA | J71: =+J70 -> 45782
A72: P13 | B72: AYUDANTE FF (Electricas) | E72: hr | F72: =+ROUND(G72*H72,0) -> 24024 | G72: =+ROUND(E40,0) -> 14149 | H72: =+IF(G72*8*30>2*$D$5,'[1]Analisis Factor Prestacional'!$D$26+1,'[1]Analisis Factor Prestacional'!$C$26+1) -> 1.6979 | I72: VER ANALISIS MANO DE OBRA | J72: =+J71 -> 45782
A73: P14 | B73: AYUDANTE GG (Alumbrado Publico) | E73: hr | F73: =+ROUND(G73*H73,0) -> 24024 | G73: =+ROUND(E46,0) -> 14149 | H73: =+IF(G73*8*30>2.1*$D$5,'[1]Analisis Factor Prestacional'!$D$26+1,'[1]Analisis Factor Prestacional'!$C$26+1) -> 1.6979 | I73: VER ANALISIS MANO DE OBRA | J73: =+J72 -> 45782
A74: C1 | B74: CUADRILLA AA TIPO 1 (1 OFICIAL + 1 AYUDANTE) (Albañileria) | D74: 1 | E74: hr | F74: =+ROUND($F$60+$F$67*D74,0) -> 39589 | J74: =+J73 -> 45782
A75: C2 | B75: CUADRILLA BB TIPO 1 (1 OFICIAL + 1 AYUDANTE) (Instalaciones) | D75: 1 | E75: hr | F75: =+ROUND($F$61+$F$68*D75,0) -> 48048 | J75: =+J74 -> 45782
A76: C3 | B76: CUADRILLA CC TIPO 1 (1 OFICIAL + 1 AYUDANTE) (Pintura) | D76: 1 | E76: hr | F76: =+ROUND($F$62+$F$69*D76,0) -> 48048 | J76: =+J75 -> 45782
A77: C4 | B77: CUADRILLA DD TIPO 1 (1 OFICIAL + 1 AYUDANTE) (Carpinteria) | D77: 1 | E77: hr | F77: =+ROUND($F$63+$F$70*D77,0) -> 48048 | J77: =+J76 -> 45782
A78: C5 | B78: CUADRILLA EE TIPO 1 (1 OFICIAL + 1 AYUDANTE) (Dry Wall) | D78: 1 | E78: hr | F78: =+ROUND($F$64+$F$71*D78,0) -> 48048 | J78: =+J77 -> 45782
A79: C6 | B79: CUADRILLA FF TIPO 1 (1 OFICIAL + 1 AYUDANTE) (Electricas) | D79: 1 | E79: hr | F79: =+ROUND($F$65+$F$72*D79,0) -> 48048 | J79: =+J78 -> 45782
A80: C7 | B80: CUADRILLA GG TIPO 1 (1 OFICIAL + 1 AYUDANTE) (Alumbrado Publico) | D80: 1 | E80: hr | F80: =+ROUND($F$66+$F$73*D80,0) -> 48048 | J80: =+J79 -> 45782
A81: C8 | B81: CUADRILLA AA TIPO 2 (1 OFICIAL + 2 AYUDANTE) (Albañileria) | D81: 2 | E81: hr | F81: =+ROUND($F$60+$F$67*D81,0) -> 55154 | J81: =+J80 -> 45782
A82: C9 | B82: CUADRILLA BB TIPO 2 (1 OFICIAL + 2 AYUDANTE) (Instalaciones) | D82: 2 | E82: hr | F82: =+ROUND($F$61+$F$68*D82,0) -> 72072 | J82: =+J81 -> 45782
A83: C10 | B83: CUADRILLA CC TIPO 2 (1 OFICIAL + 2 AYUDANTE) (Pintura) | D83: 2 | E83: hr | F83: =+ROUND($F$62+$F$69*D83,0) -> 72072 | J83: =+J82 -> 45782
A84: C11 | B84: CUADRILLA DD TIPO 2 (1 OFICIAL + 2 AYUDANTE) (Carpinteria) | D84: 2 | E84: hr | F84: =+ROUND($F$63+$F$70*D84,0) -> 72072 | J84: =+J83 -> 45782
A85: C12 | B85: CUADRILLA EE TIPO 2 (1 OFICIAL + 2 AYUDANTE) (Dry Wall) | D85: 2 | E85: hr | F85: =+ROUND($F$64+$F$71*D85,0) -> 72072 | J85: =+J84 -> 45782
A86: C13 | B86: CUADRILLA FF TIPO 2 (1 OFICIAL + 2 AYUDANTE) (Electricas) | D86: 2 | E86: hr | F86: =+ROUND($F$65+$F$72*D86,0) -> 72072 | J86: =+J85 -> 45782
A87: C14 | B87: CUADRILLA GG TIPO 2 (1 OFICIAL + 2 AYUDANTE) (Alumbrado Publico) | D87: 2 | E87: hr | F87: =+ROUND($F$66+$F$73*D87,0) -> 72072 | J87: =+J86 -> 45782
A88: C15 | B88: CUADRILLA AA TIPO 3 (1 OFICIAL + 3 AYUDANTE) (Albañileria) | D88: 3 | E88: hr | F88: =+ROUND($F$60+$F$67*D88,0) -> 70719 | J88: =+J87 -> 45782
A89: C16 | B89: CUADRILLA BB TIPO 3 (1 OFICIAL + 3 AYUDANTE) (Instalaciones) | D89: 3 | E89: hr | F89: =+ROUND($F$61+$F$68*D89,0) -> 96096 | J89: =+J88 -> 45782
A90: C17 | B90: CUADRILLA CC TIPO 3 (1 OFICIAL + 3 AYUDANTE) (Pintura) | D90: 3 | E90: hr | F90: =+ROUND($F$62+$F$69*D90,0) -> 96096 | J90: =+J89 -> 45782
A91: C18 | B91: CUADRILLA DD TIPO 3 (1 OFICIAL + 3 AYUDANTE) (Carpinteria) | D91: 3 | E91: hr | F91: =+ROUND($F$63+$F$70*D91,0) -> 96096 | J91: =+J90 -> 45782
A92: C19 | B92: CUADRILLA EE TIPO 3 (1 OFICIAL + 3 AYUDANTE) (Dry Wall) | D92: 3 | E92: hr | F92: =+ROUND($F$64+$F$71*D92,0) -> 96096 | J92: =+J91 -> 45782
A93: C20 | B93: CUADRILLA FF TIPO 3 (1 OFICIAL + 3 AYUDANTE) (Electricas) | D93: 3 | E93: hr | F93: =+ROUND($F$65+$F$72*D93,0) -> 96096 | J93: =+J92 -> 45782
A94: C21 | B94: CUADRILLA GG TIPO 3 (1 OFICIAL + 3 AYUDANTE) (Alumbrado Publico) | D94: 3 | E94: hr | F94: =+ROUND($F$66+$F$73*D94,0) -> 96096 | J94: =+J93 -> 45782
A95: C22 | B95: CUADRILLA AA TIPO 4 (1 OFICIAL + 4 AYUDANTE) (Albañileria) | D95: 4 | E95: hr | F95: =+ROUND($F$60+$F$67*D95,0) -> 86284 | J95: =+J94 -> 45782
A96: C23 | B96: CUADRILLA BB TIPO 4 (1 OFICIAL + 4 AYUDANTE) (Instalaciones) | D96: 4 | E96: hr | F96: =+ROUND($F$61+$F$68*D96,0) -> 120120 | J96: =+J95 -> 45782
A97: C24 | B97: CUADRILLA CC TIPO 4 (1 OFICIAL + 4 AYUDANTE) (Pintura) | D97: 4 | E97: hr | F97: =+ROUND($F$62+$F$69*D97,0) -> 120120 | J97: =+J96 -> 45782
A98: C25 | B98: CUADRILLA DD TIPO 4 (1 OFICIAL + 4 AYUDANTE) (Carpinteria) | D98: 4 | E98: hr | F98: =+ROUND($F$63+$F$70*D98,0) -> 120120 | J98: =+J97 -> 45782
A99: C26 | B99: CUADRILLA EE TIPO 4 (1 OFICIAL + 4 AYUDANTE) (Dry Wall) | D99: 4 | E99: hr | F99: =+ROUND($F$64+$F$71*D99,0) -> 120120 | J99: =+J98 -> 45782
A100: C27 | B100: CUADRILLA FF TIPO 4 (1 OFICIAL + 4 AYUDANTE) (Electricas) | D100: 4 | E100: hr | F100: =+ROUND($F$65+$F$72*D100,0) -> 120120 | J100: =+J99 -> 45782
A101: C28 | B101: CUADRILLA GG TIPO 4 (1 OFICIAL + 4 AYUDANTE) (Alumbrado Publico) | D101: 4 | E101: hr | F101: =+ROUND($F$66+$F$73*D101,0) -> 120120 | J101: =+J100 -> 45782
A102: C29 | B102: CUADRILLA AA TIPO 5 (1 OFICIAL + 5 AYUDANTE) (Albañileria) | D102: 5 | E102: hr | F102: =+ROUND($F$60+$F$67*D102,0) -> 101849 | J102: =+J101 -> 45782
A103: C30 | B103: CUADRILLA BB TIPO 5 (1 OFICIAL + 5 AYUDANTE) (Instalaciones) | D103: 5 | E103: hr | F103: =+ROUND($F$61+$F$68*D103,0) -> 144144 | J103: =+J102 -> 45782
A104: C31 | B104: CUADRILLA CC TIPO 5 (1 OFICIAL + 5 AYUDANTE) (Pintura) | D104: 5 | E104: hr | F104: =+ROUND($F$62+$F$69*D104,0) -> 144144 | J104: =+J103 -> 45782
A105: C32 | B105: CUADRILLA DD TIPO 5 (1 OFICIAL + 5 AYUDANTE) (Carpinteria) | D105: 5 | E105: hr | F105: =+ROUND($F$63+$F$70*D105,0) -> 144144 | J105: =+J104 -> 45782
A106: C33 | B106: CUADRILLA EE TIPO 5 (1 OFICIAL + 5 AYUDANTE) (Dry Wall) | D106: 5 | E106: hr | F106: =+ROUND($F$64+$F$71*D106,0) -> 144144 | J106: =+J105 -> 45782
A107: C34 | B107: CUADRILLA FF TIPO 5 (1 OFICIAL + 5 AYUDANTE) (Electricas) | D107: 5 | E107: hr | F107: =+ROUND($F$65+$F$72*D107,0) -> 144144 | J107: =+J106 -> 45782
A108: C35 | B108: CUADRILLA GG TIPO 5 (1 OFICIAL + 5 AYUDANTE) (Alumbrado Publico) | D108: 5 | E108: hr | F108: =+ROUND($F$66+$F$73*D108,0) -> 144144 | J108: =+J107 -> 45782
A109: C36 | B109: CUADRILLA AA TIPO 6 (1 OFICIAL + 6 AYUDANTE) (Albañileria) | D109: 6 | E109: hr | F109: =+ROUND($F$60+$F$67*D109,0) -> 117414 | J109: =+J108 -> 45782
A110: C37 | B110: CUADRILLA BB TIPO 6 (1 OFICIAL + 6 AYUDANTE) (Instalaciones) | D110: 6 | E110: hr | F110: =+ROUND($F$61+$F$68*D110,0) -> 168168 | J110: =+J109 -> 45782
...

Sheet PRESUPUESTO + APU + MERCADO
C2: CUADRILLA EE ELECTRICA (HR) | D2: =+'Analisis Mano de Obra'!M32 -> 44793
B4: “Contratar el suministro, instalación y puesta en marcha de aires acondicionados, junto con la adecuación e instalación de la red eléctrica bifásica requerida para los mismos, en ambientes de Bienestar (Auditorio y Gimnasio) del Bloque B de la Sede Central de la IES CINOC en Pensilvania, Caldas.”
B7: 1 | C7: SUMINISTRO E INTALACION DE ACOMETIDA ELECTRICA DE TABLERO A PUNTOS CONEXIÓN AIRES SOBRE CIELO FALSO EN CABLE NO.8 EN DUCTO | D7: ML | E7: 57 | F7: VALOR UNITARIO | G7: =SUM(G8:G14) -> 38716.912 | H7: =+G7*E7 -> 2206864 | J7: CUADRILLA | K7: M/O | L7: HERRAMIENTA MENOR % | M7: INSMUMOS
C8: =+C61 -> CABLE NO.8 AWG | D8: ML | E8: 3.1 | F8: =+G61 -> 7185.3333 | G8: =+F8*E8 -> 22274.533 | J8: =+B7 -> 1 | K8: =+G13*E7 -> 485108.19 | L8: =+(G14*E7)+(G12*E7) -> 165421.64 | M8: =+H7-K8-K9-L8 -> 1556334.2
C9: =+C62 -> TUBO CONDUIT SCH 40 DIAMETRO 3/4PULG} | D9: ML | E9: 1.05 | F9: =+G62/3 -> 3833.5 | G9: =+F9*E9 -> 4025.175
C10: =+C64 -> Caja De Paso Plástica 10x10 Blanca hermetica | D10: und | E10: 0.06 | F10: =+G64 -> 11450 | G10: =+F10*E10 -> 687
C11: =+C71 -> CONECTORES RESORTES DE CABLES | D11: =+D9 -> ML | E11: 0.3 | F11: =+G71 -> 1058 | G11: =+F11*E11 -> 317.4
C12: ANDAMIO + RUEDAS + LINEAS DE VIDA + ARNES INCLUYE TRANSPORTE | D12: UND | E12: 0.4 | F12: 3000 | G12: =+F12*E12 -> 1200
C13: =+C2 -> CUADRILLA EE ELECTRICA (HR) | D13: H/C | E13: 0.19 | F13: =+D2 -> 44793 | G13: =+F13*E13 -> 8510.67
C14: HERRAMIENTA MENOR %MO | D14: %MO | E14: 0.2 | F14: =+G13 -> 8510.67 | G14: =+F14*E14 -> 1702.134
B16: 2 | C16: SUMINISTRO E INTALACION DE CIRCUITO ELECTRICA BIFASICA EN CABLE NO.8 A TABLERO EXISTENTE | D16: UND | E16: 3 | F16: VALOR UNITARIO | G16: =SUM(G17:G19) -> 95777.988 | H16: =+G16*E16 -> 287333.96 | J16: CUADRILLA | K16: M/O | L16: HERRAMIENTA MENOR % | M16: INSMUMOS
C17: =+C70 -> BREAKS 2X40AMP | D17: UND | E17: 2 | F17: =+G70 -> 41450 | G17: =+F17*E17 -> 82900 | J17: =+B16 -> 2 | K17: =+G18*E16 -> 33594.75 | L17: =+G19*E16 -> 5039.2125 | M17: =+H16-K17-K18-L17 -> 248700
C18: =+C13 -> CUADRILLA EE ELECTRICA (HR) | D18: H/C | E18: 0.25 | F18: =+F13 -> 44793 | G18: =+F18*E18 -> 11198.25
C19: HERRAMIENTA MENOR %MO | D19: %MO | E19: 0.15 | F19: =+G18 -> 11198.25 | G19: =+F19*E19 -> 1679.7375
B23: 3 | C23: SUMINISTRO E INTALACION DE CONDUCCION DE SEÑALES ELECTRICA DE UNIDAD EXTERNA A UNIDAD INTERNA POR CORAZA AMERICA Y TUBO EMT 3/4 ANCLAJO CON GRAPA | D23: UND | E23: 3 | F23: VALOR UNITARIO | G23: =SUM(G24:G31) -> 212842.06 | H23: =+G23*E23 -> 638526.17 | J23: CUADRILLA | K23: M/O | L23: HERRAMIENTA MENOR % | M23: INSMUMOS
C24: =+C65 -> Coraza Galvanizada 3/4 Pg 5 Mt - Metal Coraza | D24: ML | E24: 3.1 | F24: =+G65/5 -> 6203.3333 | G24: =+F24*E24 -> 19230.333 | J24: =+B23 -> 3 | K24: =+G29*E23 -> 107503.2 | L24: =+(G31*E23)+(G30*E23) -> 39500.64 | M24: =+H23-K24-K25-L24 -> 491522.33
C25: CABLE NO.12 AWG EN CABLE 7 HILOS | D25: ML | E25: 30 | F25: =+G60/100 -> 2907.4 | G25: =+F25*E25 -> 87222
C26: =+C63 -> Caja RADWELL Fundicion Aluminio 2400 con salida 1 Pulgada 4-5 Huecos TGB1005X | D26: UND | E26: 1 | F26: =+G63 -> 21056.667 | G26: =+F26*E26 -> 21056.667
C27: =+C66 -> Tubo EMT UL 3/4-pulg - x 3 metros | D27: ML | E27: 2 | F27: =+G66/3 -> 9984.2222 | G27: =+F27*E27 -> 19968.444
C28: accesorios uniones, termnales | D28: und | E28: 5 | F28: =+(G67+G68+G69) -> 3272.6667 | G28: =+F28*E28 -> 16363.333
C29: =+C13 -> CUADRILLA EE ELECTRICA (HR) | D29: H/C | E29: 0.8 | F29: =+F13 -> 44793 | G29: =+F29*E29 -> 35834.4
C30: ANDAMIO + RUEDAS + LINEAS DE VIDA + ARNES INCLUYE TRANSPORTE | D30: GLB | E30: 2 | F30: 3000 | G30: =+F30*E30 -> 6000
C31: HERRAMIENTA MENOR %MO | D31: %MO | E31: 0.2 | F31: =+G29 -> 35834.4 | G31: =+F31*E31 -> 7166.88
B34: 4 | C34: suministro e instalacion y cpuesta en marcha de aires acondicionados 24000 btu | D34: UND | E34: 2 | F34: VALOR UNITARIO | G34: =+G35+G37+G38+G36 -> 2477459.8 | H34: =+G34*E34 -> 4954919.5 | J34: CUADRILLA | K34: M/O | L34: HERRAMIENTA MENOR % | M34: INSMUMOS
C35: =+C72 -> Aire Acondicionado Minisplit On/Off 24000 BTU 220v Blanco con unidad de refrigeracion externa incluye iva% | D35: ML | E35: 1 | F35: =+G72-B72 -> 2174900 | G35: =+F35*E35 -> 2174900 | J35: =+B34 -> 4 | K35: =+G37*E34 -> 447930 | L35: =+(G38*E34) -> 67189.5 | M35: =+H34-K35-K37-L35 -> 4439800
C36: accesorios de sioporte de soporte de instalcion y tornilleria | D36: und | E36: 1 | F36: 45000 | G36: =+F36*E36 -> 45000
C37: CUADRILLA EE ELECTRICA (HR) | D37: H/C | E37: 5 | F37: =+F29 -> 44793 | G37: =+F37*E37 -> 223965
C38: HERRAMIENTA MENOR %MO | D38: %MO | E38: 0.15 | F38: =+G37 -> 223965 | G38: =+F38*E38 -> 33594.75
B41: 5 | C41: suministro e instalacion y cpuesta en marcha de aires acondicionados 18000 btu | D41: UND | E41: 1 | F41: VALOR UNITARIO | G41: =+G42+G44+G45+G43 -> 2057202.5 | H41: =+G41*E41 -> 2057202.5 | J41: CUADRILLA | K41: M/O | L41: HERRAMIENTA MENOR % | M41: INSMUMOS
C42: =+C73 -> Aire Acondicionado Minisplit On/Off 18000 BTU 220v Blanco con unidad de refrigeracion externa incluye iva% | D42: ML | E42: 1 | F42: =+G73-B73 -> 1857666.7 | G42: =+F42*E42 -> 1857666.7 | J42: =+B41 -> 5 | K42: =+G44*E41 -> 134379 | L42: =+(G45*E41) -> 20156.85 | M42: =+H41-K42-K44-L42 -> 1902666.7
C43: accesorios de sioporte de soporte de instalcion y tornilleria | D43: und | E43: 1 | F43: 45000 | G43: =+F43*E43 -> 45000
C44: CUADRILLA EE ELECTRICA (HR) | D44: H/C | E44: 3 | F44: =+F37 -> 44793 | G44: =+F44*E44 -> 134379
C45: HERRAMIENTA MENOR %MO | D45: %MO | E45: 0.15 | F45: =+G44 -> 134379 | G45: =+F45*E45 -> 20156.85
C51: SUMATORIA VALORES DIRECTOS DEL PROYECTO | H51: =+H23+H16+H7+H34+H41 -> 10144846 | J51: CUADRILLA | K51: M/O | L51: HERRAMIENTA MENOR % | M51: INSMUMOS
J52: SUMATORIA GENERAL COSTOS DIRECTOS | K52: =+K24+K17+K8+K35 -> 1074136.1 | L52: =+L24+L17+L8+L35 -> 277150.99 | M52: =+M24+M17+M8+M35 -> 6736356.5
K53: =+K52/$H$51 -> 0.10587998 | L53: =+L52/$H$51 -> 0.027319388 | M53: =+M52/$H$51 -> 0.66401761
C58: DESCRIPCION DE INUSMO | D58: PRECIO 1 | E58: PRECIO 2 | F58: PRECIO 3 | G58: PROMEDIO | H58: COTIZACION VIRTUAL NO.1 | M58: COTIZACION VIRTUAL NO.2 | R58: LINK CONSULTA VIRTUAL
C59: CABLE ENCAUCHETADO DE 3X8 AWG | D59: 25200 | E59: 25795 | F59: 28318 | G59: =+(D59+F59+E59)/3 -> 26437.667 | R59: https://www.google.com/search?sca_esv=55e9f3c856495c1e&rlz=1C1CHBD_esCO965CO965&sxsrf=ANbL-n5wEFGUrXUWdVvXcuVQ2IUFf7tMrg:1776283611422&udm=28&fbs=ADc_l-bpk8W4E-qsVlOvbGJcDwpn60DczFdcvPnuv8WQohHLTcTH442KskDyC74HpRHrYUo8DVh0t739Lf9lSmmVxEUO1C2ltbN4C6Q9LHD8THkgoerCV6C3-v3mXqfV2rMHFfFJ-QF2I9M3LO-QOpj3OEYFUgRKLyPyZv1KzHYc7I6cavBWamNzmSUZ0NEVxB9QxBELckizIYJPA-pihQNd-CQEV21h4pi7Id2pBZN33gXdE5u5goM&q=CABLE+ENCAUCHETADO+DE+3X8+AWG&ved=1t:220175&ictx=111&biw=1920&bih=919&dpr=1
C60: CABLE NO.12 AWG rollo 100 | D60: 194900 | E60: 359000 | F60: 318320 | G60: =+(D60+F60+E60)/3 -> 290740 | R60: https://www.google.com/search?q=Cable+Aislado+%23+12+7+Hilos+Negro+X+100+Mts+color+blanco&sca_esv=76a18ee69d7f7d9a&rlz=1C1CHBD_esCO965CO965&biw=1920&bih=919&udm=28&sxsrf=ANbL-n4SH7NtKCkJM-t3Epqy9yBqwnOSRw%3A1773225141296&ei=tUSxafLsEb2GwbkPi8XkqAQ&ved=0ahUKEwiym5210peTAxU9QzABHYsiGUUQ4dUDCCQ&uact=5&oq=Cable+Aislado+%23+12+7+Hilos+Negro+X+100
C61: CABLE NO.8 AWG | D61: 6650 | E61: 7506 | F61: 7400 | G61: =+(D61+F61+E61)/3 -> 7185.3333 | R61: https://interelectricas.com.co/tuberia-metalica-y-pvc/2183-tubo-metalico-emt-de-3-4-pulgadas-x-3-mts.html
C62: TUBO CONDUIT SCH 40 DIAMETRO 3/4PULG} | D62: 10800 | F62: 12201 | G62: =+(D62+F62)/2 -> 11500.5 | R62: https://interelectricas.com.co/tuberia-metalica-y-pvc/2183-tubo-metalico-emt-de-3-4-pulgadas-x-3-mts.html
C63: Caja RADWELL Fundicion Aluminio 2400 con salida 1 Pulgada 4-5 Huecos TGB1005X | D63: 21350 | E63: 21600 | F63: 20220 | G63: =+(D63+F63+E63)/3 -> 21056.667 | R63: https://www.google.com/search?q=Caja+RADWELL+Fundicion+Aluminio+2400+con+salida+1+Pulgada+5+Huecos+TGB1005X&sca_esv=76a18ee69d7f7d9a&rlz=1C1CHBD_esCO965CO965&biw=1920&bih=919&udm=28&sxsrf=ANbL-n7yITPCcmx-qc1nwBdHxCO0dZoVUA%3A1773224425688&ei=6UGxaeHiKbaawbkPysyrkQY&ved=0ahUKEwih-__fz5eTAxU2TTABHUrmKmIQ4dUDCCQ&uact=5&oq=Caja+RADWELL+Fundicion+Aluminio+2400+con+salida+1+Pulgada+5
C64: Caja De Paso Plástica 10x10 Blanca hermetica | D64: 10000 | F64: 12900 | G64: =+(D64+F64)/2 -> 11450 | R64: https://interelectricas.com.co/tuberia-metalica-y-pvc/2183-tubo-metalico-emt-de-3-4-pulgadas-x-3-mts.html
C65: Coraza Galvanizada 3/4 Pg 5 Mt - Metal Coraza | D65: 24900 | E65: 24900 | F65: =8650*5 -> 43250 | G65: =+(D65+F65+E65)/3 -> 31016.667 | R65: https://www.google.com/search?q=Coraza+Galvanizada+3%2F4+Pg+5+Mt+-+Metal+Coraza&sca_esv=55e9f3c856495c1e&rlz=1C1CHBD_esCO965CO965&biw=1920&bih=919&udm=28&sxsrf=ANbL-n5FOuQE-fmdQxeqhDSZUg4sMw53Mg%3A1776284822997&ei=lvTfaeTCPLKFwbkPn6Xx6Qw&ved=0ahUKEwjk5ZPP2PCTAxWyQjABHZ9SPM0Q4dUDCCQ&oq=Coraza+Galvanizada+3%2F4+Pg+5+Mt+-+Metal+Coraza&gs_lp=Ehlnd3Mtd2l6LW1vZGVsZXNzLXNob3BwaW5nIi1Db3JhemEgR2FsdmFuaXphZGEgMy80IFBnIDUgTXQgLSBNZXRhbCBDb3JhemFI9yFQAFgAcAB4AZABAJgBgAGgAYABqgEDMC4xuAEMyAEA-AEC-AEBmAIAoAIAmAMAkgcAoAesAbIHALgHAMIHAMgHAIAIAQ&sclient=gws-wiz-modeless-shopping
C66: Tubo EMT UL 3/4-pulg - x 3 metros | D66: 39508 | E66: 27450 | F66: 22900 | G66: =+(D66+F66+E66)/3 -> 29952.667 | R66: https://www.google.com/search?sca_esv=76a18ee69d7f7d9a&rlz=1C1CHBD_esCO965CO965&sxsrf=ANbL-n7Fky1zKQF0o60TgDrkINyCtXiuYw:1773224368969&udm=28&fbs=ADc_l-bpk8W4E-qsVlOvbGJcDwpn60DczFdcvPnuv8WQohHLTcTH442KskDyC74HpRHrYUquKPmtPp4IEQPDuCAuszg_f6lrMfx1yzeTgwnfyamc0O_AALoSLgmfLP2Zg7W_2YBA2UbNXu7k2LaJ5Gv_v_7hvi9_206zFwHmMEIljTYZ18OB8zZ-CzrA5tXSxBNH9UJRhlhTYr_ewUAbso6K52J-e92O5w&q=TUBO+EMT+COLMENA+3/4%27%27+X+3+METROS&ved=1t:220175&ictx=111&biw=1920&bih=919&dpr=1
C67: Union EMT Acero C-H 3-4 Pulgadas | D67: 800 | E67: 700 | F67: 2300 | G67: =+(D67+F67+E67)/3 -> 1266.6667 | R67: https://www.google.com/search?sca_esv=bb692e0fdf80bd80&rlz=1C1CHBD_esCO965CO965&sxsrf=ANbL-n6E6Ln_QADV8mYCdGqN0pVbQIYmjw:1773252250705&udm=28&fbs=ADc_l-bpk8W4E-qsVlOvbGJcDwpn60DczFdcvPnuv8WQohHLTcTH442KskDyC74HpRHrYUquKPmtPp4IEQPDuCAuszg_f6lrMfx1yzeTgwnfyamc0IC-bBJqJ4JzBROsH8fbxyTwPRmsuyxtLkJwKUi0vdh_MrPZ0WOXG0ZrPkJcSaDkTFwWlN9x7F71IslzL2chTfxN91ZwMEHEFzl7SE1wGE7Uoe6_6AEYzz183H45J_R_xTrs5DU&q=Union+EMT+Acero+C-H+3-4+Pulgadas&ved=1t:220175&ictx=111&biw=2400&bih=1148&dpr=0.8
C68: Terminal-Conector EMT de 3-4 Pulgadas Acero C-H | D68: 2300 | E68: 850 | F68: 1488 | G68: =+(D68+F68+E68)/3 -> 1546 | R68: https://www.google.com/search?q=Terminal-Conector+EMT+de+3-4+Pulgadas+Acero+C-H&sca_esv=bb692e0fdf80bd80&rlz=1C1CHBD_esCO965CO965&biw=2400&bih=1148&udm=28&sxsrf=ANbL-n61vxS8bqAU67YvtWI-7Xd8z9fIRQ%3A1773252253549&ei=na6xabChIbqCwbkP0p_JkQs&ved=0ahUKEwjw4621t5iTAxU6QTABHdJPMrIQ4dUDCCQ&uact=5&oq=Terminal-Conector+EMT+de+3-4+Pulgadas+Acero+C-H&gs_lp=Ehlnd3Mtd2l6LW1vZGVsZXNzLXNob3BwaW5nIi9UZXJtaW5hbC1Db25lY3RvciBFTVQgZGUgMy00IFB1bGdhZGFzIEFjZXJvIEMtSEjpBVAAWABwAHgBkAEAmAGUAaABlAGqAQMwLjG4AQPIAQD4AQL4AQGYAgCgAgCYAwCSBwCgBy2yBwC4BwDCBwDIBwCACAA&sclient=gws-wiz-modeless-shopping
C69: Grapa Tubería Cal. 20 EMT Doble Galvanizada 3/4" | D69: 380 | E69: 450 | F69: 550 | G69: =+(D69+F69+E69)/3 -> 460 | R69: https://www.google.com/search?q=Grapa+Tuber%C3%ADa+Cal.+20+EMT+Doble+Galvanizada+3%2F4%22&sca_esv=bb692e0fdf80bd80&rlz=1C1CHBD_esCO965CO965&biw=2400&bih=1148&udm=28&sxsrf=ANbL-n4lxuNhwruZDxCzavP8vKm3H5-qIw%3A1773252349199&ei=_a6xaafqC4mQwbkP0ZGKwAQ&ved=0ahUKEwjn3Pvit5iTAxUJSDABHdGIAkgQ4dUDCCQ&uact=5&oq=Grapa+Tuber%C3%ADa+Cal.+20+EMT+Doble+Galvanizada+3%2F4%22&gs_lp=Ehlnd3Mtd2l6LW1vZGVsZXNzLXNob3BwaW5nIjFHcmFwYSBUdWJlcsOtYSBDYWwuIDIwIEVNVCBEb2JsZSBHYWx2YW5pemFkYSAzLzQiSJUMUABYAHAAeAGQAQCYAZYBoAGWAaoBAzAuMbgBA8gBAPgBAvgBAZgCAKACAJgDAJIHAKAHLbIHALgHAMIHAMgHAIAIAA&sclient=gws-wiz-modeless-shopping
C70: BREAKS 2X40AMP | D70: 55000 | F70: 27900 | G70: =+(D70+F70)/2 -> 41450 | R70: https://interelectricas.com.co/tuberia-metalica-y-pvc/2183-tubo-metalico-emt-de-3-4-pulgadas-x-3-mts.html
C71: CONECTORES RESORTES DE CABLES | D71: 1016 | F71: 1100 | G71: =+(D71+F71)/2 -> 1058 | R71: https://www.homecenter.com.co/homecenter-co/product/374300
A72: iva% | B72: =(1999900*19%+(2024900*19%)+(2499900*19%))/3 -> 413231 | C72: Aire Acondicionado Minisplit On/Off 24000 BTU 220v Blanco con unidad de refrigeracion externa incluye iva% | D72: =1999900+(1999900*19%) -> 2379881 | E72: =2024900+(2024900*19%) -> 2409631 | F72: =2499900+(2499900*19%) -> 2974881 | G72: =+(D72+F72+E72)/3 -> 2588131 | R72: https://www.google.com/search?q=aire+acondicionado+24000+btu+220v&sca_esv=09e795cc6b8f4569&rlz=1C1CHBD_esCO965CO965&biw=1097&bih=525&udm=28&sxsrf=ANbL-n7TlTG1enz88At1On1NdJWkumTJwg%3A1776286744151&ei=GPzfaajnCJKOwbkPmp_s4Qw&ved=0ahUKEwio053j3_CTAxUSRzABHZoPO8wQ4dUDCCQ&uact=5&oq=aire+acondicionado+24000+btu+220v&gs_lp=Ehlnd3Mtd2l6LW1vZGVsZXNzLXNob3BwaW5nIiFhaXJlIGFjb25kaWNpb25hZG8gMjQwMDAgYnR1IDIyMHYyBRAAGIAEMgUQABiABEj1DFDQBFj9CXABeAGQAQCYAZoEoAG9CaoBCzAuMS4xLjEuMC4xuAEDyAEA-AEBmAICoAKRAcICChAAGEcY1gQYsAOYAwCIBgGQBgiSBwMxLjGgB9QFsgcDMC4xuAeKAcIHAzktMsgH8ZkTgAgB&sclient=gws-wiz-modeless-shopping
A73: iva% | B73: =+((1694900*19%)+(1979050*19%)+(1899050*19%))/3 -> 352956.67 | C73: Aire Acondicionado Minisplit On/Off 18000 BTU 220v Blanco con unidad de refrigeracion externa incluye iva% | D73: =1694900+(1694900*19%) -> 2016931 | E73: =1979050+(1979050*19%) -> 2355069.5 | F73: =1899050+(1899050*19%) -> 2259869.5 | G73: =+(D73+F73+E73)/3 -> 2210623.3 | R73: https://www.google.com/search?q=aire+acondicionado+18000+btu+110v&sca_esv=09e795cc6b8f4569&rlz=1C1CHBD_esCO965CO965&udm=28&sxsrf=ANbL-n602WvKYWEFY7dLixH00QumgMvJjQ%3A1776286432434&ei=4PrfacuZGriKwbkPuJGTqAY&biw=1920&bih=919&oq=aire+acondicionado++btu+110v&gs_lp=Ehlnd3Mtd2l6LW1vZGVsZXNzLXNob3BwaW5nIhxhaXJlIGFjb25kaWNpb25hZG8gIGJ0dSAxMTB2KgIIAjIGEAAYBxgeMgYQABgHGB4yBhAAGAcYHjIGEAAYBxgeMgYQABgHGB4yBhAAGAcYHjIGEAAYBxgeMgYQABgHGB4yBhAAGAcYHjIGEAAYBxgeSLQVUNsFWNsFcAF4AZABAJgBeaABeaoBAzAuMbgBAcgBAPgBAZgCAqACjwHCAgoQABhHGNYEGLADmAMAiAYBkAYIkgcDMS4xoAfuBrIHAzAuMbgHiQHCBwM5LTLIB63dAoAIAQ&sclient=gws-wiz-modeless-shopping
F76: COTIZACION FUENTE | G76: https://interelectricas.com.co/tuberia-metalica-y-pvc/2183-tubo-metalico-emt-de-3-4-pulgadas-x-3-mts.html
F77: COTIZACION FUENTE | G77: https://www.homecenter.com.co/homecenter-co/product/374300

Sheet CANTIDADES HIBRIDAS
Q4: 8M
C9: AIRES ACONDICIONADOS
C10: DESCRIPCION | D10: UNIDAD | E10: CANTIDAD | F10: OBSERVACION
C11: CABLE NO.8 ACOMETIDA | D11: ML | E11: 300 | F11: 1F+1N+1T
C12: CABLE NO.12 ACOMETIDA | D12: ML | E12: 100 | F12: =+F11 -> 1F+1N+1T
C13: BREAKE 2X40 | D13: UND | E13: 3
C14: TUBO SCH40 3/4 PULG | D14: TUBO | E14: =+E11/9 -> 33.333333 | F14: 3 METROS EL TUBO
C15: CAJAS 10X10 PLASTICA | D15: UND | E15: 10
C16: CAJA RADWELD | D16: UND | E16: 3 | F16: EXTERIORES
C17: CONECTORES RESORTE | D17: UND | E17: 50 | F17: ROJO AMARILLO
C18: EMT 3/4PULGADA | D18: UND | E18: 4
C22: TABLERO CIRCUITO 1 | D22: 25MTS | E22: 3 LINEAS | F22: =25*3 -> 75
C23: TABLERO CIRCUITO 2 | D23: 25MTS | E23: 4 LINEAS | F23: =25*3 -> 75
C24: TABLERO CIRCUITO 3 | D24: 50 MTS | E24: 5 LINEAS | F24: =50*3 -> 150
F25: =+F24+F23+F22 -> 300

Sheet Hoja1 (2)
A1: Presupuesto en base a ficha insumos sala híbrida
A2: DESCRIPCIÓN | B2: LINK BASE DE REFERENCIA EQUIPO | C2: CANTIDAD | D2: VALOR UNITARIO PROMEDIO | E2: TOTAL | F2: REFERENCIA
A3: UPS UPS ON-LINE 3000VA/2700W DOBLE CONVERSIÓN ENTRADA 120VA,RACK | B3: https://www.assvirt.co/MCO-2177941246-ups-on-line-3000va2700w-doble-conversion-entrada-120varack-_JM?variation=179775262488 | C3: 1 | D3: 2339000 | E3: =D3*C3 -> 2339000
A4: SWITCH DE 24 PUERTOS + 2 SFP | B4: https://www.mercadolibre.com.co/switch-ubiquiti-usw-24-gigabit-24-puertos-2-sfp/p/MCO21904013?item_id=MCO2666763782&from=gshop&matt_tool=56249061&matt_word=&matt_source=google&matt_campaign_id=14634237764&matt_ad_group_id=153732147068&matt_match_type=&matt_network=g&matt_device=c&matt_creative=644988712033&matt_keyword=&matt_ad_position=&matt_ad_type=pla&matt_merchant_id=735127761&matt_product_id=MCO21904013-product&matt_product_partition_id=2265590047140&matt_target_id=pla-2265590047140&cq_src=google_ads&cq_cmp=14634237764&cq_net=g&cq_plt=gp&cq_med=pla&gad_source=1&gclid=Cj0KCQjw99e4BhDiARIsAISE7P_V1_wYycbuL7ivq2ddy1C1t2zfD_HmfzzKB2xDNudG9iPkc-OdI4oaAvrZEALw_wcB | C4: 1 | D4: 1550000 | E4: =D4*C4 -> 1550000
A5: PATCH PANEL 24 PUERTOS RACK CATEGORÍA 6 CAT 6 RJ45 | B5: https://articulo.mercadolibre.com.co/MCO-1469187892-patch-panel-24-puertos-rack-categoria-6-cat-6-rj45-3bumen-_JM?matt_tool=57917396&matt_word=&matt_source=google&matt_campaign_id=14633847075&matt_ad_group_id=148395910067&matt_match_type=&matt_network=g&matt_device=c&matt_creative=645618829900&matt_keyword=&matt_ad_position=&matt_ad_type=pla&matt_merchant_id=213103117&matt_product_id=MCO1469187892&matt_product_partition_id=2188687378239&matt_target_id=pla-2188687378239&cq_src=google_ads&cq_cmp=14633847075&cq_net=g&cq_plt=gp&cq_med=pla&gad_source=1&gclid=Cj0KCQjw99e4BhDiARIsAISE7P81ZrTr375HVsha35oc78lNzfqjCXMEQmoyhEAoAFpQW9tRu9VLmTEaAhC-EALw_wcB | C5: 1 | D5: 152000 | E5: =D5*C5 -> 152000
A6: Rack Gabinete De Piso 24 Ru (120x60x60 ) | B6: https://articulo.mercadolibre.com.co/MCO-503430199-rack-gabinete-de-piso-24-ru-120x60x60--_JM?matt_tool=58736426&matt_word=&matt_source=google&matt_campaign_id=14634237761&matt_ad_group_id=158151082555&matt_match_type=&matt_network=g&matt_device=c&matt_creative=686481802696&matt_keyword=&matt_ad_position=&matt_ad_type=pla&matt_merchant_id=155460926&matt_product_id=MCO503430199&matt_product_partition_id=2266584640481&matt_target_id=pla-2266584640481&cq_src=google_ads&cq_cmp=14634237761&cq_net=g&cq_plt=gp&cq_med=pla&gad_source=1&gclid=Cj0KCQjw99e4BhDiARIsAISE7P8FXfWknP20UpWiS0MUJigchnBE6SYbII73Ve0PWt2hsvW8JzX_FeMaAiMkEALw_wcB | C6: 1 | D6: 642000 | E6: =D6*C6 -> 642000
A7: CABLE UTP CAT 6 100% COBRE | B7: https://www.homecenter.com.co/homecenter-co/product/659484/cable-utp-cat-6-100-cobre/659484/?kid=goosho_1161562&shop=googleShopping&gad_source=1&gclid=Cj0KCQjw99e4BhDiARIsAISE7P8kguXNqFvRlXiKR49Zq-FAYku-r1PejwT-hpkpWw0AtnKncF6ePKEaArXAEALw_wcB | C7: 2 | D7: 833900 | E7: =D7*C7 -> 1667800
A8: FACEPLATE DE 1 PUERTO PARA JACK RJ45. | B8: https://articulo.mercadolibre.com.co/MCO-537133448-faceplate-de-1-puerto-para-jack-rj45-infinite-_JM?matt_tool=19390127&utm_source=google_shopping&utm_medium=organic | C8: 18 | D8: 8253 | E8: =D8*C8 -> 148554
A9: TOMACORRIENTE NARANJA CON TAPA.POLO AISLADO REGULADA | B9: https://articulo.mercadolibre.com.co/MCO-503780537-tomacorriente-naranja-con-tapapolo-aislado-regulada-_JM | C9: 18 | D9: 20000 | E9: =D9*C9 -> 360000
A10: SOPORTE MÓVIL PARA PANTALLA | B10: https://www.technoimport.com.co/soporte-m%C3%B3vil | C10: 3 | D10: 1500000 | E10: =D10*C10 -> 4500000
A11: MINI AMPLIFICADOR DE AUDIO | B11: https://www.bhphotovideo.com/c/product/1045265-REG/soundtube_entertainment_sa502_50w_class_d.html/specs | C11: 1 | D11: 1327000 | E11: =D11*C11 -> 1327000
A12: PAR DE ALTAVOCES DE TECHO DE 2 VIAS | B12: https://www.ebay.com/itm/326150448154?_skw=Extron+Sf+26x&itmmeta=01JATMDJ4BDD1EQJ4K9JDWCGVT&hash=item4bf014e41a:g:ggEAAOSw~shmXhsV&itmprp=enc%3AAQAJAAAA0HoV3kP08IDx%2BKZ9MfhVJKnKOLYQ46nzS4qQXS2cVOeFN%2BBqNYdy%2Fxec%2B467am%2FWZvqbt4yB%2FRD%2FPM5U5cOhCuSLuaHs--aQppcQJeJD9ijzIm%2Blwjg%2FwD%2FZceSNY4nY%2FdkuRefod57%2FRlp5eQRCan2torzQjkRLLwDZpJ8dff6ni8cluVoChk2A7HeD6MyB99FpBy%2BaX9sTTOhNIPXwoSUezKmc8ccg4%2BqNiKl3vLdUGfFwGvkdCaqRg1QxWSVApQw%2BwIzDBbI7fNZ28E2B39k%3D%7Ctkp%3ABk9SR6CittTWZA | C12: 2 | D12: 510000 | E12: =D12*C12 -> 1020000
A13: ROLLO DE CABLE #12 X 100M | B13: https://www.homecenter.com.co/homecenter-co/product/56075/cable-12-100-metros-blanco-conectores-y-cables/56075/?kid=goosho_1161562&shop=googleShopping&gad_source=1&gclid=Cj0KCQjwmt24BhDPARIsAJFYKk01XCse0hMiK8cLI8LE62DCOg7y-KQaX3MbcvEpk-tTy9YHLkd8VsoaAqvzEALw_wcB | C13: 3 | D13: 250000 | E13: =D13*C13 -> 750000 | G13: =+D13/100 -> 2500
A14: CABLE DE ALTAVOZ 16 AWG CALIBRE | B14: https://www.ebay.com/itm/116243804878?itmmeta=01JATWM2K79430MFYXQA94MP49&hash=item1b10abb2ce:g:GSMAAOSwlQBmimoX&itmprp=enc%3AAQAJAAAAwMxmj%2BiGvOveHXEBClPb29hSzlQFrnd7l9Z3jlxBgP%2FyGjMDQQ15dMkjjF%2BFJQspXI9etBd80FZ%2BWL%2FUPBqOppeY8yl38%2B4LDXv%2BYXo9b5n33iIiuPX45yPtC0oRbi2m2ta5jVJOejGl0c%2FM3QRLrwWw%2B1wwIZwpyHHG3c6YQWT8Ra41dX3m4WlVuAHntGUsQZcdPGvUSojRfPXbsK%2Bi5860WLPCmYiJFvKwKMTfF84cCzKPAyayJ30zusBdQlDKNg%3D%3D%7Ctkp%3ABk9SR9ip0NzWZA&var=416470279428 | C14: 1 | D14: 107051 | E14: =D14*C14 -> 107051
A15: PROCESADOR AUDIO DE CONFERENCIA | B15: https://articulo.mercadolibre.com.co/MCO-547990471-procesador-shure-de-conferencias-intellimix-p300-imx-_JM | C15: 1 | D15: 7350000 | E15: =D15*C15 -> 7350000
A16: SISTEMA INALÁMBRICO RECEPTOR DOBLE MIC | B16: https://www.audiocentro.com.co/tienda/mic-inalambrico-shure-blx1288-cvl-j10/ | C16: 1 | D16: 3363000 | E16: =D16*C16 -> 3363000
A17: CABLE PROEL BULK XLR CANON BLINDADO PARA MICROFONO 1 METRO | B17: https://www.mercadolibre.com.co/cable-proel-bulk-xlr-canon-blindado-para-microfono-1-metro/p/MCO22731336#polycard_client=search-nordic&searchVariation=MCO22731336&position=4&search_layout=stack&type=product&tracking_id=189894ce-cb84-4b67-b979-4b0abbc3b817&wid=MCO1409888939&sid=search | C17: 4 | D17: 24000 | E17: =D17*C17 -> 96000
A18: CABLE 2X1 1.8 MTS ALTA CALIDAD | B18: https://ccmtiendadelsonido.com/producto/cable-2x1-rca-a-35-maxlin-mx500l1-8-18mt/ | C18: 2 | D18: 24000 | E18: =D18*C18 -> 48000
E19: =D19*C19 -> 0
C20: 1 | D20: 0 | E20: =D20*C20 -> 0
A21: TOTAL INSUMOS | E21: =SUM(E3:E20) -> 25420405
